 Dungeon Crawl Stone Soup version 0.27-a0-1158-gaa87e14f67 (webtiles) character file.

Game seed: 4692921864178495826

88 tilp the Caller (level 4, -2/34 HPs)
             Began as a Barachi Summoner on May 15, 2021.
             Killed by nerve-wracking pain
             ... invoked by an orc priest
              (12 damage)
             ... on level 2 of the Dungeon.
             The game lasted 00:02:42 (2447 turns).

tilp the Caller (Barachi Summoner)                  Turns: 2447, Time: 00:02:43

Health: -2/34      AC:  3    Str: 11    XL:     4   Next: 53%
Magic:  4/7        EV: 13    Int: 15    God:
Gold:   102        SH:  0    Dex: 12    Spells: 4/7 levels left

rFire    . . .     SeeInvis .   a - +1 rapier
rCold    . . .     Faith    .   (no shield)
rNeg     . . .     Spirit   .   c - +0 robe
rPois    .         Reflect  .   (no helmet)
rElec    .         Harm     .   (no cloak)
rCorr    .         Rampage  .   f - +0 pair of gloves
Will     .....                  (no boots)
Stlth    +.........             (no amulet)
HPRegen  0.11/turn              (no ring)
MPRegen  0.10/turn              (no ring)

@: confused, slow
A: amphibious, slowness 1, strong legs 1, +LOS
a: Hop


You were on level 2 of the Dungeon.
You visited 1 branch of the dungeon, and saw 2 of its levels.

You collected 102 gold pieces.

Inventory:

Hand Weapons
 a - a +1 rapier (weapon)
 b - a +0 short sword
Missiles
 e - 43 stones
 g - 19 sling bullets
Armour
 c - a +0 robe (worn)
 f - a +0 pair of gloves (worn)
Scrolls
 d - a scroll of identify
 h - a scroll of fog {unknown}
 j - a scroll of teleportation {unknown}
 l - a scroll of brand weapon {unknown}
Potions
 i - a potion of brilliance
 k - a potion of degeneration {unknown}


   Skills:
 + Level 2.5 Fighting
 + Level 3.4 Dodging
 + Level 2.9 Stealth
 - Level 2.1 Spellcasting
 - Level 4.8 Summonings


You had 4 spell levels left.
You knew the following spells:

 Your Spells              Type           Power      Damage    Failure   Level
a - Summon Small Mammal   Summ           64%        N/A       3%          1
b - Call Imp              Summ           16%        N/A       4%          2

Your spell library contained the following spells:

 Spells                   Type           Power      Damage    Failure   Level
 Call Canine Familiar     Summ           16%        N/A       9%          3
 Summon Guardian Golem    Hex/Summ       8%         N/A       24%         3
 Summon Ice Beast         Ice/Summ       8%         N/A       63%         4
 Summon Lightning Spire   Summ/Air       8%         N/A       63%         4


Dungeon Overview and Level Annotations

Branches:
Dungeon (2/15)

Altars:


Innate Abilities, Weirdness & Mutations

You are amphibious.
You cover ground slowly.
You can hop short distances.
You have an extended range of vision and can be seen from far away.


Message History

a +0 flail; an orc skeleton
Found 29 arrows.
The orc priest shouts!
The orc wizard shouts!
You hear a shout!
There are monsters nearby!
There are monsters nearby!
Casting: Call Imp (safe; 4% risk of failure)
Confirm with . or Enter, or press ? or * to list all spells.
A beastly little devil appears in a puff of flame.
Casting: Call Imp (safe; 4% risk of failure)
Confirm with . or Enter, or press ? or * to list all spells.
A beastly little devil appears in a puff of flame.
Your crimson imp hits the orc.
You hit the orc but do no damage.
The orc is lightly wounded.
The orc priest calls down the wrath of Beogh upon you.
Beogh smites you! The orc hits you with a +0 whip.
Your crimson imp hits the orc.
You hear a shout!
You hit the orc.
The orc is severely wounded.
The orc hits you with a +0 whip.
* * * LOW HITPOINT WARNING * * *
Your crimson imp hits the orc.
The orc dies!
Unknown command.
The orc priest hits your crimson imp with a +0 hand axe.
The orc priest misses your crimson imp.
Your crimson imp hits the orc priest.
Your crimson imp blinks!
The orc priest hits your crimson imp with a +0 hand axe.
The orc wizard shouts!
The orc wizard points at you and mumbles some strange words.
The magic dart hits you.
* * * LOW HITPOINT WARNING * * *
Found a stone staircase leading down.
The orc wizard gestures at you while chanting.
You are confused.
Your crimson imp blinks!
The orc priest invokes the aid of Beogh against you.
Pain shoots through your body!
You die...

..# ###.###### # #.....#...
###.#.....#.#.
...#.....#.#.
##########+#.......#.#.
.###....(.......#.... #.#.
..>.'................###.#.
....#.....@.....##.......#.
.....o5....#'#.###.#.######
#.o ......o.#o###.#.......#
# #...
.....#.#5)...#####.########
...
.......#)......<...........
.o.
.###...#.#########.......##
...#(oo......# #.......#
#.#.#.......# #...##'##
.o.#.......#..........##.#


You could see 2 orc priests, an orc wizard and 2 friendly crimson imps.

Vanquished Creatures
  A worm (D:2)
  2 dart slugs
  5 endoplasms
  4 giant cockroaches
  A goblin (D:1)
  2 jackals (D:1)
  A quokka (D:1)
  7 ball pythons
  3 bats (D:1)
  2 frilled lizards
  A kobold (D:1)
  4 rats
33 creatures vanquished.

Vanquished Creatures (collateral kills)
  A howler monkey (D:1)
  An orc priest (D:2)
  An orc (D:2)
  An endoplasm (D:1)
  A hobgoblin (D:1)
  A kobold (D:1)
  A rat (D:1)
7 creatures vanquished.

Grand Total: 40 creatures vanquished

Notes
Turn   | Place    | Note
-------+----------+-------------------------------------------
     0 | D:1      | tilp the Barachi Summoner began the quest for the Orb.
     0 | D:1      | Reached XP level 1. HP: 13/13 MP: 3/3
   447 | D:1      | Reached XP level 2. HP: 20/20 MP: 5/5
   475 | D:1      | Learned a level 2 spell: Call Imp
   485 | D:1      | Reached skill level 1 in Fighting
  1342 | D:1      | Reached XP level 3. HP: 22/26 MP: 6/6
  1623 | D:1      | Found a faded altar of an unknown god.
  2103 | D:2      | Reached XP level 4. HP: 23/34 MP: 2/7
  2447 | D:2      | Killed from afar by an orc priest

Illustrated notes

Levels and vault maps discovered:
D:1:      lightli_arrival_maybe_door_vault, layout_basic, basic_ecumenical_altar
D:2:      layout_basic

Skill      XL: |  1  2  3 |
---------------+----------+-----
Stealth        | 2 |  2.9
Fighting       | 1 2 |  2.5
Dodging        | 3 |  3.4
Spellcasting   | |  2.1
Summonings     | |  4.8

Action                   |  1- 3 |  4- 6 || total
-------------------------+-------+-------++-------
Melee: Short sword       |     9 |       ||     9
       Unarmed           |     6 |       ||     6
       Rapier            |    78 |    17 ||    95
 Cast: Summon Small Mamm |     4 |       ||     4
       Call Imp          |    10 |     2 ||    12
  Use: Scroll            |     3 |       ||     3
 Stab: Sleeping          |     2 |       ||     2
Armor: Robe              |    23 |     5 ||    28
Dodge: Dodged            |    68 |     8 ||    76

Table legend: (Time is in decaauts)
 A = Elapsed time spent in this place.
 B = Non-inter-level travel time spent in this place.
 C = Inter-level travel time spent in this place.
 D = Time resting spent in this place.
 E = Time spent auto-exploring this place.
 F = Levels seen in this place.
 G = Mean time per level.
                   A        B        C        D        E       F      G
               +--------+--------+--------+--------+--------+-----+--------+
         Total |   2642 |   2563 |     79 |    999 |   1155 |   2 | 1321.0 |
       Dungeon |   2642 |   2563 |     79 |    999 |   1155 |   2 | 1321.0 |
               +--------+--------+--------+--------+--------+-----+--------+

Top non-repeatable levels by time:
     D:1: 2276 daAuts
     D:2: 365 daAuts
